 Dungeon Crawl Stone Soup version 0.25.1-2-g60ff931df9 (webtiles) character file.

Game seed: 13554718036007281387

81 DildoBatman the Conjurer (level 4, 0/30 HPs)
             Began as a Formicid Wizard on Aug 23, 2020.
             Slain by Sigmund
             ... wielding a +0 scythe
              (13 damage)
             ... on level 1 of the Dungeon.
             The game lasted 00:05:29 (1703 turns).

DildoBatman the Conjurer (Formicid Wizard)          Turns: 1703, Time: 00:05:29

Health: 0/30       AC:  2    Str: 11    XL:     4   Next: 67%
Magic:  8/8        EV: 12    Int: 19    God:
Gold:   44         SH:  0    Dex:  9    Spells: 8/9 levels left

rFire    . . .     SeeInvis +   a - +2 hunting sling (freeze)
rCold    . . .     Gourm    .   (no shield)
rNeg     . . .     Faith    .   m - +0 robe
rPois    .         Spirit   .   (helmet unavailable)
rElec    .         Reflect  .   (no cloak)
rCorr    .         Harm     .   (no gloves)
MR       .....                  (no boots)
Stlth    ++........             (no amulet)
HPRegen  0.10/turn              (no ring)
MPRegen  0.11/turn              (no ring)

@: no status effects
A: permanent stasis, dig shafts and tunnels, four strong arms, antennae 3
a: Dig, Shaft Self


You were on level 1 of the Dungeon.
You were not hungry.

You visited 1 branch of the dungeon, and saw 2 of its levels.

You collected 44 gold pieces.

Inventory:

Hand Weapons
 a - a +2 hunting sling of freezing (weapon)
 b - a +0 dagger of venom
 l - a +2 vampiric dagger
 s - a +0 short sword
Missiles
 c - 56 stones (quivered)
 i - 48 bolts
 k - 68 arrows
 x - 2 throwing nets
Armour
 m - a +0 robe (worn)
Jewellery
 u - an uncursed ring of flight
Scrolls
 d - a scroll of teleportation {unknown}
 e - a scroll of immolation {unknown}
 g - a scroll of identify {unknown}
 h - 3 scrolls of blinking {unknown}
 n - a scroll of magic mapping {unknown}
 p - a scroll of remove curse {unknown}
 r - a scroll of enchant armour {unknown}
Potions
 f - a potion of haste {unknown}
 j - a potion of berserk rage {unknown}
 o - a potion of ambrosia {unknown}
 q - a potion of curing {unknown}
 w - a potion of heal wounds {unknown}
Comestibles
 t - 2 chunks of flesh
 v - 2 rations


   Skills:
 - Level 1.7 Dodging
 - Level 2.4 Stealth
 - Level 3.2 Spellcasting
 * Level 3.7 Conjurations
   Level 1.0 Summonings
   Level 0.8 Translocations


You had 8 spell levels left.
You knew the following spells:

 Your Spells              Type           Power        Failure   Level  Hunger
c - Magic Dart            Conj           ###.         3%          1    None

Your spell library contained the following spells:

 Spells                   Type           Power        Failure   Level  Hunger
 Call Imp                 Summ           #.......     16%         2    ##.....
 Conjure Flame            Conj/Fire      ##......     21%         3    ###....
 Slow                     Hex            #.......     22%         2    ##.....
 Mephitic Cloud           Conj/Pois/Air  #.......     26%         3    ###....
 Blink                    Tloc           Unusable     N/A         2    N/A

Dungeon Overview and Level Annotations

Branches:
Dungeon (2/15)

Altars:

Annotations:
D:1 Robin, Sigmund
D:2 1 exclusion


Innate Abilities, Weirdness & Mutations

You cannot be hasted, slowed, berserked, paralysed or teleported.
You can dig through walls and to a lower floor.
Your four strong arms can wield two-handed weapons with a shield.
You have a pair of large antennae on your head. (SInv)


Message History

You shoot a stone.
Sigmund shouts!
The stone hits Sigmund.
The stone freezes Sigmund.
Sigmund is lightly wounded.
You hear a shout!
You see here a whip.
Sigmund laughs darkly.
Sigmund casts a spell at you. The magic dart hits you.
Sigmund gestures at you while chanting. You resist with some effort.
Sigmund hits you with a +0 scythe!
There is a stone staircase leading up here.
You climb upwards.
Level annotation: Robin
There is a stone staircase leading down here.
Sigmund hits you with a +0 scythe.
Sigmund hits you from afar with a +0 scythe!
You die...

#. #################.
#.................
#.##.....######...
#.##.....# #...
#.##.....#########
#>@...............
#.##.....######...
#######@##.....# #...
#.......##.....#########
#.####.....####......#
#.# #.....# #......#
#.####.....####......#
#..........##........#
#####......##........###
#......##...........
#......####)........


You could see Sigmund.

Vanquished Creatures
  3 adders (D:2)
  2 worms (D:2)
  A dart slug (D:1)
  A ball python (D:2)
  A giant cockroach (D:1)
  15 goblins
  6 hobgoblins
  4 bats (D:1)
  4 frilled lizards (D:1)
  5 kobolds
  5 rats
47 creatures vanquished.

Notes
Turn   | Place    | Note
-------+----------+-------------------------------------------
     0 | D:1      | DildoBatman the Formicid Wizard began the quest for the
                  | Orb.
     0 | D:1      | Reached XP level 1. HP: 13/13 MP: 4/4
     9 | D:1      | Reached skill level 1 in Conjurations
   168 | D:1      | Reached XP level 2. HP: 19/19 MP: 0/6
   930 | D:2      | Noticed Sigmund
   931 | D:2      | Reached XP level 3. HP: 24/24 MP: 5/7
  1102 | D:2      | Noticed Robin
  1541 | D:2      | Reached XP level 4. HP: 30/30 MP: 8/8
  1703 | D:1      | Slain by Sigmund

Illustrated notes

Levels and vault maps discovered:
D:1:      saegor_arrival_simple_c, layout_basic, minmay_close_crescents
D:2:      layout_rooms, uniq_robin, uniq_terence, uniq_sigmund

Skill      XL: |  1  2  3 |
---------------+----------+-----
Conjurations   | 1 2 3 |  3.7
Dodging        | |  1.7
Stealth        | |  2.4
Spellcasting   | |  3.2
Summonings     | |  1.0
Translocations | |  0.8

Action                   |  1- 3 |  4- 6 || total
-------------------------+-------+-------++-------
Melee: Dagger            |    30 |       ||    30
 Fire: Hunting sling     |    15 |    14 ||    29
Throw: Stone             |     2 |       ||     2
 Cast: Magic Dart        |    66 |     9 ||    75
 Abil: Dig               |     4 |       ||     4
  Eat: Chunk             |     3 |       ||     3
Armor: Robe              |     3 |       ||     3
Dodge: Dodged            |    28 |     2 ||    30
